Map: Site Delta LE

Players

TripleDeke

  • Race: Protoss Protoss
  • League: Diamond
  • Spawn Location: 5:00

Subwayeatn - Winner!

  • Race: Zerg Zerg
  • League: Platinum
  • Spawn Location: 11:00

VOD

Have the link to the VOD?

Description

Time

  • Played on: Nov. 7, 2023, 10:18 a.m.
  • Length: 3:04
Show
View Real Time Build Order
Export as new Build Order

TripleDeke Protoss 

Build Orders:  

Get SALT Encoding   

  12  0:00  Probe  
  13  2:13  Probe (Chrono Boost)  
  14  2:19  Pylon  
  15  2:24  Probe (Chrono Boost)  
  16  2:38  Probe (Chrono Boost)  
Show
View Real Time Build Order
Export as new Build Order

Subwayeatn Zerg - Winner!

Build Orders: Pool First 

Get SALT Encoding   

  12  0:00  Drone  
  13  0:09  Drone  
  13  0:12  Extractor  
  13  0:28  Spawning Pool  
  12  0:59  Hatchery  
  11  1:15  Queen  
  13  1:27  Overlord  
  13  1:36  Metabolic Boost  
  13  1:42  Zergling x2  
  13  1:46  Zergling x2  
  15  1:52  Zergling x2  
  16  1:56  Zergling x2  
  17  2:11  Zergling x4  
  19  2:18  Zergling x2  
  20  2:25  Zergling x4  
  22  2:35  Zergling x6  
  25  2:38  Zergling x2  
Tags
 
Matchup
PvZ
Opening
Pool First
Replay Pack
Multiplayer
Spawn Locations
Cross Positions
Add a new tag
Caveats
  • Supply blocks, unpowered buildings, or Contaminate may cause inaccurate times.
  • Supply counts are checked every 10 seconds.